 Dungeon Crawl Stone Soup version 0.20.1-1-g8b1a95d (webtiles) character file.

29745 RKaid the Cruncher (level 13, -2/106 HPs)
             Began as a Formicid Venom Mage on Aug 4, 2017.
             Was the Champion of Dithmenos.
             Slain by a cyan ugly thing (17 damage)
             ... on level 11 of the Dungeon.
             The game lasted 01:43:29 (28138 turns).

RKaid the Cruncher (Formicid Venom Mage)           Turns: 28138, Time: 01:43:30

Health: -2/106     AC: 11    Str: 20    XL:     13   Next: 83%
Magic:  22/22      EV: 20    Int: 18    God:    Dithmenos [******]
Gold:   388        SH:  5    Dex: 16    Spells: 14/24 levels left

rFire    . . .     SeeInvis +   a - +5 quarterstaff of Jaistu Qoev {crush, rN+ Str+3}
rCold    . . .     Gourm    .   j - +0 buckler (curse)
rNeg     + . .     Faith    .   E - +4 troll leather armour {Snorg}
rPois    +         Spirit   .   (helmet unavailable)
rElec    .         Reflect  .   H - +0 cloak
rCorr    .         Harm     .   (no gloves)
MR       +++..                  N - +0 pair of boots
Stlth    +++++.....             (no amulet)
Regen    0.7/turn               h - ring of poison resistance {rPois}
MPRegen  0.2/turn               F - +2 ring of intelligence

@: agile, wreathed by umbra
A: permanent stasis, dig shafts and tunnels, four strong arms, antennae 3, dopey
1, magic resistance 2, mutation resistance 1, strong 1
a: Dig, Shaft Self, Shadow Step, Shadow Form, Renounce Religion


You were on level 11 of the Dungeon.
You worshipped Dithmenos.
Dithmenos was exalted by your worship.
You were hungry.

You visited 3 branches of the dungeon, and saw 16 of its levels.

You collected 928 gold pieces.
You spent 540 gold pieces at shops.

Inventory:

Hand Weapons
 a - the +5 quarterstaff of Jaistu Qoev (weapon) {crush, rN+ Str+3}
   (You found it on level 11 of the Dungeon)

   It inflicts extra damage upon your enemies.
   It affects your strength (+3).
   It protects you from negative energy.
 b - a +0 hunting sling
   (You found it on level 3 of the Dungeon)
 d - a +3 dagger of venom
   (You found it on level 3 of the Dungeon)
 w - the +9 staff of Wucad Mu {channel}
   (You found it on level 5 of the Dungeon)
Missiles
 L - 85 sling bullets
Armour
 j - a cursed +0 buckler (worn)
   (You took it off a spriggan on level 3 of the Lair of Beasts)
 s - a +1 scale mail of cold resistance
   (You took it off an orc priest on level 2 of the Dungeon)
 C - the +3 leather armour "Lesmauli" {+Blink +Inv rElec rC-}
   (You found it on level 4 of the Dungeon)

   It makes you vulnerable to cold.
   It insulates you from electricity.
   It lets you turn invisible.
   It lets you blink.
 E - a +4 troll leather armour (worn) {Snorg}
   (You found it on level 4 of the Lair of Beasts)
 H - a +0 cloak (worn)
   (You took it off Crazy Yiuf on level 3 of the Dungeon)
 N - a +0 pair of boots (worn)
   (You found it on level 4 of the Lair of Beasts)
Magical Staves
 G - an uncursed staff of poison {rPois}
   (You found it on level 1 of the Lair of Beasts)
Jewellery
 e - an uncursed ring of protection from magic {MR+}
   (You found it on level 10 of the Dungeon)
 h - a ring of poison resistance (left hand) {rPois}
   (You found it on level 6 of the Dungeon)
 n - an uncursed amulet of guardian spirit {Spirit}
   (You took it off a centaur on level 7 of the Dungeon)
 p - an uncursed ring of fire {rF+, rC-}
   (You found it on level 5 of the Dungeon)
 x - an uncursed ring of flight {+Fly}
   (You found it on level 2 of the Dungeon)
 F - a +2 ring of intelligence (right hand)
   (You found it on level 4 of the Lair of Beasts)
Wands
 A - a wand of acid (4/15)
   (You bought it in a shop on level 7 of the Dungeon)
 D - a wand of digging (14/24)
   (You took it off a centaur on level 9 of the Dungeon)
 M - a wand of polymorph (1/24)
   (You found it on level 6 of the Dungeon)
Scrolls
 g - 2 scrolls of amnesia
 o - 9 scrolls of remove curse
 t - 3 scrolls of recharging
 u - 4 scrolls of enchant weapon
 v - 2 scrolls of enchant armour
 y - 2 scrolls of fog
 B - 2 scrolls of magic mapping {!r}
Potions
 f - 2 potions of flight
 k - 5 potions of mutation {!q!q}
 l - 2 potions of magic
 m - 3 potions of might
 q - a potion of resistance {unknown}
 r - 2 potions of agility
 z - 3 potions of curing
 K - a potion of ambrosia {unknown}
 O - 2 potions of brilliance
Comestibles
 c - 12 bread rations
 I - a royal jelly
 J - 8 meat rations


   Skills:
 + Level 11.4 Fighting
 - Level 14.0 Staves
 + Level 7.3 Armour
 - Level 5.3 Dodging
 - Level 2.4 Stealth
 - Level 3.1 Shields
 - Level 6.2 Spellcasting
 - Level 4.0 Conjurations
 - Level 1.0 Air Magic
 - Level 9.0 Poison Magic
 - Level 4.0 Evocations


You had 14 spell levels left.
You knew the following spells:

 Your Spells              Type           Power        Failure   Level  Hunger
a - Sting                 Conj/Pois      ####         1%          1    None
b - Poisonous Vapours     Pois/Air       ###...       2%          2    None
c - Mephitic Cloud        Conj/Pois/Air  ###.....     6%          3    ##.....
d - Olgreb's Toxic Radia  Pois           #####...     3%          4    ####...


Dungeon Overview and Level Annotations

Branches:
Dungeon (11/15)            Temple (1/1) D:6            Lair (4/6) D:11
  Snake (0/4) Lair:3
  Swamp: Lair:2-4    Shoals: Lair:2-4       Orc: D:9-12

Altars:
Ashenzari
Cheibriados
Dithmenos
Elyvilon
Fedhas
Gozag
Hepliaklqana
Kikubaaqudgha
Makhleb
Nemelex Xobeh
Okawaru
Qazlal
Ru
Sif Muna
Trog
Uskayaw
Vehumet
Xom
Yredelemnul
Zin
The Shining One

Shops:
D:3 *   D:5 *   D:7 *   D:9 }

Annotations:
Lair:4 exclusions: hydra and 4 oklob plants


Innate Abilities, Weirdness & Mutations

You cannot be hasted, slowed, berserked, paralysed or teleported.
You can dig through walls and to a lower floor.
Your four strong arms can wield two-handed weapons with a shield.
You have a pair of large antennae on your head. (SInv)
You are dopey. (Int -2)
You are highly resistant to hostile enchantments. (MR++)
You are somewhat resistant to further mutation.
Your muscles are strong. (Str +2)


Message History

Aim: a jelly (lightly wounded, poisoned, umbra)
The sting hits the jelly.
Casting: Sting
Confirm with . or Enter, or press ? or * to list all spells.
Aiming: Sting
Press: ? - help, Shift-Dir - straight line, f/p - jelly
Aim: a jelly (moderately wounded, poisoned, umbra)
The sting hits the jelly.
Your shadow mimicks your spell!
The shadow shard hits the jelly.
You hit the jelly.
Your hands burn!
Your shadow hits the jelly with a quarterstaff.
You kill the jelly!
Dithmenos accepts your kill.
You start resting.
There is a stone staircase leading down here.
You sense a monster nearby.
A red ugly thing comes into view.
Casting: Sting
Confirm with . or Enter, or press ? or * to list all spells.
Aiming: Poisonous Vapours
Press: ? - help, Dir - move target cursor, f - red ugly thing
Aim: a red ugly thing (resting, umbra) Poisonous vapours surround the red ugly thing!
The red ugly thing is engulfed in poison gas.
The red ugly thing is poisoned.
Casting: Poisonous Vapours
Confirm with . or Enter, or press ? or * to list all spells.
Aiming: Sting
Press: ? - help, Shift-Dir - straight line, f/p - red ugly thing
Aim: a red ugly thing (lightly wounded, poisoned, umbra)
The sting hits the red ugly thing.
The red ugly thing appears unharmed.
Casting: Sting
Confirm with . or Enter, or press ? or * to list all spells.
Aiming: Sting
Press: ? - help, Shift-Dir - straight line, f/p - red ugly thing
Aim: a red ugly thing (lightly wounded, poisoned, umbra)
The sting hits the red ugly thing.
The red ugly thing looks even sicker.
Casting: Sting
Confirm with . or Enter, or press ? or * to list all spells.
You can't see any susceptible monsters within range! (Use Z to cast anyway.)
Casting: Sting
Confirm with . or Enter, or press ? or * to list all spells.
Aiming: Sting
Press: ? - help, Shift-Dir - straight line, f/p - red ugly thing
Aim: a red ugly thing (lightly wounded, poisoned, umbra)
The sting hits the red ugly thing.
You barely miss the red ugly thing. The red ugly thing engulfs you!
You are engulfed in flames!!
You emit a cloud of dark smoke.
You hit the red ugly thing. You barely miss the red ugly thing.
The red ugly thing engulfs you.
You are engulfed in flames!
Press: ? - help, v - describe, . - travel
Here: a red ugly thing (moderately wounded, poisoned, umbra)
The floor.
Unknown command.
Evoke which item? (* to show all) (? for menu, Esc to quit)
Aiming: Polymorph (will waste charges)
Press: ? - help, Shift-Dir - straight line, f/p - red ugly thing
Aim: a red ugly thing (moderately wounded, poisoned, umbra, chance to defeat MR: 40%)
Okay, then.
The red ugly thing engulfs you but does no damage.
Press: ? - help, v - describe, . - travel
Here: a red ugly thing (moderately wounded, poisoned, umbra)
The floor.
Unknown command.
The red ugly thing looks more healthy.
There is a stone staircase leading down here.
Unknown command.
Press: ? - help, v - describe, . - travel
Here: a red ugly thing (moderately wounded, umbra)
The floor.
Unknown command.
You feel agile all of a sudden. The red ugly thing engulfs you!
You are engulfed in flames!
The red ugly thing completely misses you.
Evoke which item? (* to show all) (? for menu, Esc to quit)
Aiming: Polymorph (will waste charges)
Press: ? - help, Shift-Dir - straight line, f/p - red ugly thing
Aim: a red ugly thing (lightly wounded, umbra, chance to defeat MR: 40%)
The red ugly thing basks in the mutagenic energy and changes!
Evoking this partially-identified wand wasted a few charges.
You block the cyan ugly thing's attack.
Press: ? - help, v - describe, . - travel
Here: a cyan ugly thing (lightly wounded, umbra)
The floor.
Press: ? - help, v - describe, . - travel
Here: a cyan ugly thing (lightly wounded, umbra)
The floor.
There is a stone staircase leading up here.
The cyan ugly thing stings you. The cyan ugly thing shocks you!
There is an open door here.
The cyan ugly thing stings you. The cyan ugly thing shocks you!
* * * LOW HITPOINT WARNING * * *
Okay, then.
There is an open door here.
The cyan ugly thing stings you!
* * * LOW HITPOINT WARNING * * *
The cyan ugly thing shocks you!
You die...

.# #....#### #... .# +....'..#
#... .# #....##.### #... .+
#....##...####... ##
#....####........ # #....#
######.<. ##'### ###. ###u.#
#. #. #.@.## #. ##.####
##.####### #. .......
#........# ##
.......####........# ####
.......#.....§.....#### #...
.........##........>.[## #...
.......####........##..####...
.........§...§....>...........
.......####§§§.....####.###...


You could see a cyan ugly thing.

Vanquished Creatures
  Snorg (Lair:4)
  Harold (D:10)
  A catoblepas (Lair:3)
  4 two-headed ogres
  An unseen horror (D:11)
  A manticore (D:11)
  A torpor snail (Lair:4)
  2 centaur zombies
  A black mamba (Lair:4)
  6 komodo dragons
  5 spiny frogs (Lair:4)
  A rime drake (Lair:3)
  4 trolls
  4 hornets
  10 blink frogs
  10 hippogriffs
  A shadow (D:11)
  13 spriggans
  16 yaks
  A wraith (D:11)
  2 basilisks
  4 vampire mosquitoes
  Grum (D:8)
  A soldier ant (D:10)
  A naga (Lair:3)
  10 water moccasins
  7 porcupines
  2 orc warriors
  A black bear (D:8)
  6 sky beasts
  6 centaurs
  An ice beast (D:5)
  3 boggarts (Lair:3)
  An eye of draining (D:8)
  6 phantoms
  4 wolves
  An ogre (D:5)
  12 crocodiles
  A big kobold (D:8)
  16 bullfrogs
  5 scorpions
  A howler monkey (D:6)
  3 wights (D:9)
  3 electric eels (Lair:1)
  A crimson imp (D:6)
  A bullfrog zombie (D:9)
  A gnoll shaman (D:9)
  8 hounds
  5 jellies
  Crazy Yiuf (D:3)
  6 orc priests
  Natasha (thrice) (D:3)
  3 centaur skeletons
  3 iguanas
  12 orc wizards
  7 worker ants
  A hound zombie (D:8)
  A hound skeleton (D:10)
  2 howler monkey zombies
  3 worker ant zombies
  13 gnolls
  21 adders
  8 river rats (D:6)
  4 shadow imps
  An ooze (D:1)
  2 adder skeletons
  3 worms
  A dart slug (D:2)
  5 leopard geckos
  44 orcs
  A ball python (D:2)
  13 bats
  9 giant cockroaches
  5 hobgoblins
  6 jackals
  4 quokkas
  11 frilled lizards
  8 goblins
  12 kobolds
  13 rats
424 creatures vanquished.

Vanquished Creatures (others)
  5 fungi
  8 plants
13 creatures vanquished.

Grand Total: 437 creatures vanquished

Notes
Turn   | Place    | Note
-------+----------+-------------------------------------------
     0 | D:1      | RKaid the Formicid Venom Mage began the quest for the Orb.
     0 | D:1      | Reached XP level 1. HP: 13/13 MP: 3/3
   587 | D:1      | Reached skill level 1 in Fighting
   616 | D:1      | Reached skill level 2 in Dodging
   616 | D:1      | Reached XP level 2. HP: 21/21 MP: 0/5
   671 | D:1      | Learned a level 2 spell: Poisonous Vapours
   774 | D:1      | Reached skill level 1 in Conjurations
  1094 | D:1      | HP: 5/21 [ooze (2)]
  1919 | D:2      | Reached XP level 3. HP: 26/26 MP: 2/6
  2487 | D:2      | Reached skill level 1 in Air Magic
  2492 | D:2      | Reached XP level 4. HP: 15/32 MP: 0/8
  3281 | D:2      | Reached skill level 3 in Spellcasting
  3483 | D:2      | Found a faded altar of an unknown god.
  3842 | D:2      | Became a worshipper of Dithmenos the Shadowed
  3842 | D:2      | Reached * piety under Dithmenos
  3866 | D:2      | HP: 8/32 [orc priest/flail (6)]
  3869 | D:2      | Reached skill level 2 in Conjurations
  3869 | D:2      | Reached XP level 5. HP: 5/37 MP: 1/10
  4407 | D:3      | Reached skill level 5 in Poison Magic
  4500 | D:3      | Learned a level 3 spell: Mephitic Cloud
  4505 | D:3      | Learned a level 4 spell: Olgreb's Toxic Radiance
  4555 | D:3      | Reached XP level 6. HP: 40/43 MP: 5/11
  4676 | D:3      | Reached skill level 2 in Fighting
  4762 | D:3      | Found Zin's Purification Station.
  4763 | D:3      | Found a glowing silver altar of Zin.
  4766 | D:3      | Reached ** piety under Dithmenos
  4866 | D:3      | Noticed Natasha
  4987 | D:3      | HP: 9/45 [Natasha/magic dart (6)]
  4992 | D:3      | HP: 8/45 [adder (2)]
  5008 | D:3      | HP: 5/46 [Natasha/magic dart (3)]
  5546 | D:3      | Found a deep blue altar of Sif Muna.
  5571 | D:3      | Reached skill level 4 in Spellcasting
  5665 | D:3      | Identified Sif Muna's Tome of Hexes
  5884 | D:3      | Killed Natasha
  5884 | D:3      | Reached XP level 7. HP: 51/51 MP: 5/13
  5933 | D:3      | Reached skill level 3 in Fighting
  5970 | D:3      | Noticed Natasha
  5977 | D:3      | Killed Natasha
  5994 | D:3      | Reached skill level 6 in Poison Magic
  6382 | D:3      | Noticed Natasha
  6390 | D:3      | Killed Natasha
  6539 | D:3      | Found a runed door.
  6543 | D:3      | Noticed Crazy Yiuf
  6566 | D:3      | Killed Crazy Yiuf
  6900 | D:4      | Got a dazzling leather armour
  7077 | D:4      | Reached skill level 1 in Shields
  7351 | D:4      | Identified the +3 leather armour "Lesmauli" {+Blink +Inv rElec rC-} (You found it on level 4 of the Dungeon)
  7427 | D:4      | Reached *** piety under Dithmenos
  7496 | D:4      | Reached skill level 2 in Shields
  7714 | D:4      | Found a sparkling altar of Nemelex Xobeh.
  7714 | D:4      | Found a hazy altar of Hepliaklqana.
  7719 | D:4      | Found a burning altar of Makhleb.
  7722 | D:4      | Found a blossoming altar of Fedhas.
  7723 | D:4      | Found a snail-covered altar of Cheibriados.
  7842 | D:4      | Reached skill level 4 in Fighting
  7842 | D:4      | Reached skill level 3 in Shields
  7842 | D:4      | Reached XP level 8. HP: 17/60 MP: 0/14
  8171 | D:5      | Entered Level 5 of the Dungeon
  8501 | D:5      | Reached skill level 7 in Poison Magic
  8799 | D:6      | Found a staircase to the Ecumenical Temple.
  8813 | Temple   | Entered the Ecumenical Temple
  8829 | Temple   | Reached skill level 5 in Fighting
  9133 | D:6      | Reached skill level 8 in Poison Magic
  9549 | D:5      | Found a shattered altar of Ashenzari.
  9671 | D:5      | Found Xawkusk's Assorted Antiques.
  9679 | D:5      | Bought a scroll labeled JAIMPU TASITEGG for 27 gold pieces
  9683 | D:5      | Bought a twisted leather armour for 189 gold pieces
  9684 | D:5      | Identified the +0 leather armour of Courage {rCorr} (You bought it in a shop on level 5 of the Dungeon)
  9951 | D:5      | Reached skill level 1 in Staves
  9951 | D:5      | Reached skill level 1 in Evocations
 10237 | D:5      | Reached skill level 2 in Staves
 10297 | D:5      | Reached skill level 2 in Evocations
 10297 | D:5      | Reached XP level 9. HP: 69/69 MP: 9/15
 10324 | D:5      | Reached skill level 3 in Staves
 10514 | D:6      | Gained mutation: You are agile. (Dex +2) [mutagenic meat]
 10517 | D:6      | Gained mutation: Your flesh is heat resistant. (rF+) [mutagenic meat]
 10518 | D:6      | Lost mutation: You are agile. (Dex +2) [mutagenic meat]
 10519 | D:6      | Gained mutation: You are dopey. (Int -2) [mutagenic meat]
 10583 | D:6      | Reached skill level 4 in Staves
 10697 | D:6      | Reached skill level 3 in Evocations
 10744 | D:6      | Reached **** piety under Dithmenos
 10982 | D:7      | Reached skill level 5 in Staves
 11265 | D:7      | Found an ancient bone altar of Kikubaaqudgha.
 11265 | D:7      | Found a white marble altar of Elyvilon.
 11265 | D:7      | Found a shattered altar of Ashenzari.
 11522 | D:7      | Reached skill level 4 in Evocations
 11695 | D:7      | Found Roug's Assorted Antiques.
 11711 | D:7      | Reached skill level 6 in Staves
 11880 | D:7      | Bought a scroll of identify for 54 gold pieces
 11894 | D:7      | Reached skill level 6 in Fighting
 12105 | D:7      | Noticed a komodo dragon
 12181 | D:7      | HP: 15/69 [komodo dragon (29)]
 12190 | D:7      | Killed a komodo dragon
 12420 | D:7      | Reached XP level 10. HP: 72/76 MP: 12/16
 12709 | D:5      | Bought a scroll of identify for 54 gold pieces
 12781 | D:8      | Reached skill level 7 in Staves
 12781 | D:8      | Reached skill level 9 in Poison Magic
 13150 | D:8      | Found an iron altar of Okawaru.
 13631 | D:7      | Reached skill level 7 in Fighting
 13631 | D:7      | Reached skill level 8 in Staves
 14010 | D:8      | Reached ***** piety under Dithmenos
 14020 | D:8      | Noticed Grum
 14042 | D:8      | HP: 15/79 [Grum/spear (14)]
 14045 | D:8      | Killed Grum
 14532 | D:8      | Reached skill level 9 in Staves
 14540 | D:8      | Noticed a two-headed ogre
 14710 | D:8      | Killed a two-headed ogre
 14710 | D:8      | Reached skill level 8 in Fighting
 15327 | D:9      | Reached XP level 11. HP: 80/87 MP: 10/17
 15477 | D:9      | Found Userres's Gadget Shoppe.
 15730 | D:9      | Reached skill level 10 in Staves
 16440 | D:9      | Reached skill level 9 in Fighting
 16844 | D:9      | Reached skill level 11 in Staves
 17242 | D:10     | Entered Level 10 of the Dungeon
 17508 | D:10     | Noticed Harold
 17984 | D:10     | Killed Harold
 18044 | D:10     | Noticed a two-headed ogre
 18138 | D:10     | Killed a two-headed ogre
 18352 | D:10     | Noticed a two-headed ogre
 18405 | D:9      | Reached skill level 10 in Fighting
 18442 | D:9      | Gained mutation: You are resistant to hostile enchantments. (MR+) [mutagenic meat]
 18443 | D:9      | Lost mutation: Your flesh is heat resistant. (rF+) [mutagenic meat]
 18444 | D:9      | Gained mutation: You are highly resistant to hostile enchantments. (MR++) [mutagenic meat]
 18455 | D:9      | Gained mutation: Your muscles are strong. (Str +2) [mutagenic meat]
 18456 | D:9      | Gained mutation: You are somewhat resistant to further mutation. [mutagenic meat]
 18662 | D:10     | Killed a two-headed ogre
 19222 | D:10     | Reached skill level 12 in Staves
 19362 | D:10     | Reached XP level 12. HP: 84/98 MP: 15/18
 19531 | D:10     | RKaid: !ac 7
 19531 | D:10     | beem: 3.14 armour skill per 1 AC for 7 base AC
 19998 | D:11     | Got a slimy quarterstaff
 20000 | D:11     | Identified the +5 quarterstaff of Jaistu Qoev {crush, rN+ Str+3} (You found it on level 11 of the Dungeon)
 20033 | D:11     | Reached skill level 3 in Conjurations
 20144 | D:11     | Reached skill level 3 in Dodging
 20159 | D:11     | Reached skill level 5 in Spellcasting
 20380 | D:11     | Reached skill level 4 in Dodging
 20585 | D:11     | Found a staircase to the Lair.
 20595 | D:11     | Noticed an unseen horror
 20603 | D:11     | Killed an unseen horror
 20603 | D:11     | Reached skill level 6 in Spellcasting
 20617 | Lair:1   | Entered Level 1 of the Lair of Beasts
 21127 | Lair:1   | Reached skill level 5 in Dodging
 21369 | Lair:1   | Reached skill level 1 in Armour
 21560 | Lair:1   | Reached skill level 2 in Armour
 22127 | Lair:2   | RKaid: !ac 8
 22127 | Lair:2   | beem: 2.75 armour skill per 1 AC for 8 base AC
 22751 | Lair:2   | HP: 21/98 [yak (12)]
 23392 | Lair:2   | Reached skill level 3 in Armour
 23567 | Lair:2   | HP: 15/98 [komodo dragon (22)]
 23948 | Lair:3   | Reached skill level 13 in Staves
 23979 | Lair:3   | Found a staircase to the Snake Pit.
 24102 | Lair:3   | Noticed a spriggan rider
 24248 | Lair:3   | Reached XP level 13. HP: 88/104 MP: 22/22
 24444 | Lair:3   | Reached skill level 4 in Armour
 24741 | Lair:3   | Noticed a catoblepas
 24778 | Lair:3   | Killed a catoblepas
 25353 | Lair:3   | Reached skill level 5 in Armour
 25905 | Lair:4   | Noticed a seven-headed hydra
 25909 | Lair:3   | Reached skill level 14 in Staves
 26157 | Lair:4   | Noticed Snorg
 26423 | Lair:3   | Reached skill level 6 in Armour
 26542 | Lair:3   | Noticed a four-headed hydra
 26794 | Lair:4   | Killed Snorg
 26844 | Lair:3   | RKaid: !ac 5
 26844 | Lair:3   | beem: 4.4 armour skill per 1 AC for 5 base AC
 27089 | Lair:4   | Reached skill level 4 in Conjurations
 27118 | Lair:4   | Reached skill level 11 in Fighting
 27154 | Lair:4   | Reached ****** piety under Dithmenos
 27266 | Lair:4   | RKaid: !ac 6
 27266 | Lair:4   | beem: 3.67 armour skill per 1 AC for 6 base AC
 27361 | Lair:4   | Reached skill level 7 in Armour
 27439 | Lair:4   | Noticed a five-headed hydra
 27912 | D:7      | Bought a runed copper wand for 108 gold pieces
 27912 | D:7      | Bought a brass wand for 108 gold pieces
 28132 | D:11     | HP: 24/106 [cyan ugly thing (15)]
 28138 | D:11     | HP: 15/106 [cyan ugly thing (13)]
 28138 | D:11     | Slain by a cyan ugly thing

Skill      XL: |  1  2  3  4  5  6  7  8  9 10 11 12 13 |
---------------+----------------------------------------+-----
Fighting       | 1 2 4 5 6 8 10 11 | 11.4
Dodging        | 2 5 |  5.3
Conjurations   | 1 2 3 4 |  4.0
Air Magic      | 1 |  1.0
Spellcasting   | 3 4 6 |  6.2
Poison Magic   | 5 6 8 9 |  9.0
Shields        | 3 |  3.1
Staves         | 2 6 9 12 13 14 | 14.0
Evocations     | 2 4 |  4.0
Armour         | 3 7 |  7.3
Stealth        | |  2.4

Action                   |  1- 3 |  4- 6 |  7- 9 | 10-12 | 13-15 || total
-------------------------+-------+-------+-------+-------+-------++-------
Melee: Short sword       |    27 |    54 |       |       |       ||    81
       Dagger            |       |    27 |   137 |       |       ||   164
       Staff             |       |       |   148 |   379 |       ||   527
       Quarterstaff      |       |       |       |   153 |   175 ||   328
 Fire: Hunting sling     |       |       |     2 |     2 |       ||     4
 Cast: Sting             |    62 |   164 |   140 |   273 |   126 ||   765
       Poisonous Vapours |     2 |     4 |    29 |    78 |    38 ||   151
       Mephitic Cloud    |       |     1 |     2 |    13 |     8 ||    24
       Olgreb's Toxic Ra |       |       |     1 |     3 |     2 ||     6
 Abil: Dig               |     2 |     5 |     6 |    17 |     5 ||    35
       Evoke Flight      |       |     1 |       |       |       ||     1
Evoke: Wand              |       |       |       |     5 |     1 ||     6
  Use: Potion            |     3 |     1 |       |     2 |     1 ||     7
       Scroll            |       |     4 |    14 |     8 |     2 ||    28
 Stab: Sleeping          |       |       |     2 |       |       ||     2
       Confused          |       |       |       |     4 |       ||     4
  Eat: Chunk             |     5 |    11 |    17 |    37 |     7 ||    77
       Royal jelly       |       |     1 |     3 |     3 |     1 ||     8
       Fruit             |       |       |     5 |     4 |       ||     9
       Bread ration      |       |       |       |       |     1 ||     1
Armor: Leather armour    |    27 |    20 |    59 |    46 |       ||   152
       Skin              |     6 |       |       |     2 |       ||     8
       Scale mail        |       |       |       |    34 |    18 ||    52
       Troll leather arm |       |       |       |       |     5 ||     5
Dodge: Dodged            |    79 |   100 |   192 |   259 |    75 ||   705
Block: Buckler           |       |       |    61 |    91 |    27 ||   179

Table legend:
 A = Turns spent in this place as a percentage of turns spent in the entire game.
 B = Non-inter-level travel turns spent in this place as a percentage of non-inter-level travel turns spent in the entire game.
 C = Inter-level travel turns spent in this place as a percentage of turns spent in this place.
 D = Turns resting spent in this place as a percentage of non-inter-level travel turns spent in this place.
 E = Turns spent auto-exploring this place as a percentage of non-inter-level travel turns spent in this place.
 F = Non-inter-level travel turns spent in this place divided by the number of levels of this place that you've seen.
                   A       B       C       D       E      F
               +-------+-------+-------+-------+-------+----------------------
         Total | 100.0 | 100.0 |   0.7 |   6.7 |   4.9 | 482.6
       Dungeon |  70.6 |  70.6 |   0.7 |   6.7 |   5.9 | 495.5
        Temple |   0.7 |   0.7 |   1.8 |   3.6 |   5.5 |  55.0
          Lair |  28.7 |  28.7 |   0.6 |   6.9 |   2.5 | 553.8
               +-------+-------+-------+-------+-------+----------------------

Table legend:
 A = Kills in this place as a percentage of kills in entire the game.
 B = Kills by you in this place as a percentage of kills by you in the entire game.
 C = Kills by friends in this place as a percentage of kills by friends in the entire game.
 D = Other kills in this place as a percentage of other kills in the entire game.
 E = Experience gained in this place as a percentage of experience gained in the entire game.
 F = Experience gained in this place divided by the number of levels of this place that you have seen.
                   A       B       C       D       E      F
               +-------+-------+-------+-------+-------+----------------------
         Total | 100.0 | 100.0 |  -nan | 100.0 | 100.0 | 2655.9
       Dungeon |  75.9 |  75.8 |  -nan | 100.0 |  49.3 | 1902.8
        Temple |   0.5 |   0.5 |  -nan |   0.0 |   0.3 | 132.0
          Lair |  23.6 |  23.7 |  -nan |   0.0 |  50.4 | 5357.8
               +-------+-------+-------+-------+-------+----------------------
